 Dungeon Crawl Stone Soup version 0.20.0-15-g7f486f2 (webtiles) character file.

59 Omegatherion the Skirmisher (level 4, -3/30 HPs)
             Began as a Gargoyle Monk on June 28, 2017.
             Slain by Crazy Yiuf
             ... wielding a +2 quarterstaff of chaos
              (8 damage)
             ... on level 2 of the Dungeon.
             The game lasted 00:03:01 (1655 turns).

Omegatherion the Skirmisher (Gargoyle Monk)         Turns: 1655, Time: 00:03:02

Health: -3/30      AC: 10    Str: 16    XL:     4   Next: 3%
Magic:  4/4        EV: 12    Int: 10    God:
Gold:   59         SH:  3    Dex: 12    Spells: 3/3 levels left

rFire    . . .     SeeInvis .   a - +0 mace
rCold    . . .     Gourm    +   n - +0 buckler
rNeg     + . .     Faith    .   i - +0 scale mail
rPois    ∞         Spirit   .   j - +0 helmet
rElec    +         Reflect  .   (no cloak)
rCorr    .         Harm     .   (no gloves)
MR       .....                  (no boots)
Stlth    +.........             l - amulet of the gourmand
Regen    0.1/turn               g - +3 ring of evasion
MPRegen  0.1/turn               (no ring)

@: very slightly contaminated, invisible
A: negative energy resistance 1, electricity resistance, unbreathing,
petrification resistance, rot immunity, AC +3
a: no special abilities


You were on level 2 of the Dungeon.
You were hungry.

You visited 1 branch of the dungeon, and saw 2 of its levels.

You collected 59 gold pieces.

Inventory:

Hand Weapons
 a - a +0 mace (weapon)
 s - a +0 mace of draining
Armour
 b - a +0 robe
 i - a +0 scale mail (worn)
 j - a +0 helmet (worn)
 n - a +0 buckler (worn)
Jewellery
 g - a +3 ring of evasion (left hand)
 l - an amulet of the gourmand (around neck)
 q - an uncursed amulet of the gourmand
Scrolls
 e - 2 scrolls of identify {unknown}
 h - 4 scrolls of teleportation {unknown}
 k - 2 scrolls of remove curse {unknown}
 m - a scroll of blinking {unknown}
Potions
 f - a potion of agility {unknown}
 o - a potion of lignification {unknown}
 p - a potion of mutation {unknown}
Comestibles
 c - a bread ration
 d - 2 royal jellies
 r - a meat ration


   Skills:
 + Level 4.4 Fighting
 + Level 3.9 Maces & Flails
 - Level 2.4 Dodging
 - Level 2.1 Stealth


You had 3 spell levels left.
You didn't know any spells.

Dungeon Overview and Level Annotations

Branches:
Dungeon (2/15)

Altars:
Elyvilon

Annotations:
D:2 Crazy Yiuf


Innate Abilities, Weirdness & Mutations

You are resistant to torment.
Your stone body is resilient. (AC +3)
You are immune to poison.
You resist negative energy. (rN+)
You are resistant to electric shocks. (rElec)
You can survive without breathing.
You are immune to petrification.
You are immune to rotting.


Message History

Crazy Yiuf hits you with a quarterstaff of chaos!
You fade into invisibility!
You are very lightly contaminated with residual magic.
You are too injured to fight recklessly!
You are too injured to fight recklessly!
You hit Crazy Yiuf.
Crazy Yiuf is moderately wounded.
Crazy Yiuf hits you with a quarterstaff of chaos!
* * * LOW HITPOINT WARNING * * *
You hit Crazy Yiuf but do no damage.
Crazy Yiuf is moderately wounded.
Crazy Yiuf misses you.
You strike the helpless Crazy Yiuf from behind!
You hit Crazy Yiuf.
Crazy Yiuf is heavily wounded.
You catch the helpless Crazy Yiuf completely off-guard!
You hit Crazy Yiuf but do no damage.
Crazy Yiuf is heavily wounded.
Crazy Yiuf hits you with a quarterstaff of chaos!
You die...

#....#
#.#.##.##
##..)#
####.#.#
##.##
#.#....#
##)#
##.#####
#)## ###
##)# #)##
##'##
#g@)#
#)))#
#).)#
#####


You could see Crazy Yiuf.

Vanquished Creatures
  An adder (D:2)
  An ooze (D:1)
  2 worms (D:2)
  A leopard gecko (D:1)
  5 hobgoblins (D:1)
  2 jackals (D:2)
  5 bats
  2 frilled lizards (D:1)
  7 goblins
  7 kobolds
  6 rats
39 creatures vanquished.

Notes
Turn   | Place    | Note
-------+----------+-------------------------------------------
     0 | D:1      | Omegatherion the Gargoyle Monk began the quest for the Orb.
     0 | D:1      | Reached XP level 1. HP: 14/14 MP: 1/1
    13 | D:1      | Reached XP level 2. HP: 12/19 MP: 2/2
   409 | D:1      | HP: 1/20 [hobgoblin/club (3)]
   660 | D:1      | Reached XP level 3. HP: 8/24 MP: 3/3
   914 | D:1      | Reached skill level 4 in Fighting
  1326 | D:2      | Found a white marble altar of Elyvilon.
  1475 | D:2      | Reached XP level 4. HP: 27/30 MP: 4/4
  1636 | D:2      | Found a runed door.
  1646 | D:2      | Noticed Crazy Yiuf
  1655 | D:2      | Slain by Crazy Yiuf

Skill      XL: |  1  2  3 |
---------------+----------+-----
Fighting       | 4 |  4.4
Maces & Flails | |  3.9
Dodging        | |  2.4
Stealth        | |  2.1

Action                   |  1- 3 |  4- 6 || total
-------------------------+-------+-------++-------
Melee: Mace              |   121 |    11 ||   132
 Stab: Sleeping          |     1 |       ||     1
       Invisible         |       |     2 ||     2
  Eat: Chunk             |     1 |     1 ||     2
Armor: Robe              |    11 |       ||    11
       Scale mail        |    36 |     1 ||    37
Dodge: Dodged            |   102 |     6 ||   108
Block: Buckler           |     1 |     2 ||     3
